 Dungeon Crawl Stone Soup version 0.23.2-1-ga50397a6bc (webtiles) character file.

Game seed: 7981321972572588025

55 Gargoyl the Skirmisher (level 3, -6/31 HPs)
             Began as a Centaur Abyssal Knight on May 9, 2019.
             Was a Follower of Lugonu.
             Killed from afar by an orc wizard (8 damage)
             ... with a magic dart
             ... on level 3 of the Dungeon.
             The game lasted 00:04:18 (2361 turns).

Gargoyl the Skirmisher (Centaur Abyssal Knight)     Turns: 2361, Time: 00:04:19

Health: -6/31      AC:  5    Str: 14    XL:     3   Next: 67%
Magic:  4/4        EV:  8    Int: 11    God:    Lugonu [*.....]
Gold:   172        SH:  0    Dex:  9    Spells: 2/2 levels left

rFire    . . .     SeeInvis .   a - +1 hand axe
rCold    . . .     Gourm    .   (no shield)
rNeg     . . .     Faith    .   j - +0 ring mail
rPois    .         Spirit   .   (no helmet)
rElec    .         Reflect  .   g - scarf {cloud immunity}
rCorr    .         Harm     .   (no gloves)
MR       .....                  (no barding)
Stlth    ..........             (no amulet)
HPRegen  0.10/turn              (no ring)
MPRegen  0.09/turn              (no ring)

@: very quick
A: large, hooves 3, deformed body, speed 2, tough skin 3
a: Depart the Abyss, Renounce Religion


You were on level 3 of the Dungeon.
You worshipped Lugonu.
Lugonu was aware of your devotion.
You were hungry.

You visited 1 branch of the dungeon, and saw 3 of its levels.
You visited the Abyss 1 time.

You collected 172 gold pieces.

Inventory:

Hand Weapons
 a - a +1 hand axe (weapon)
Armour
 g - a scarf of cloud immunity (worn)
 j - a +0 ring mail (worn)
Scrolls
 e - 2 scrolls of blinking {unknown}
 f - 2 scrolls of remove curse
 i - a scroll of identify {unknown}
 m - a scroll of teleportation {unknown}
Potions
 b - a potion of mutation {unknown}
 d - a potion of degeneration {unknown}
 h - 2 potions of curing {unknown}
 k - a potion of invisibility {unknown}
 l - a potion of lignification
 n - a potion of flight {unknown}
Comestibles
 c - 4 rations


   Skills:
 + Level 3.5 Fighting
 + Level 2.3 Axes
 + Level 1.7 Armour
 + Level 1.2 Dodging
 + Level 0.1 Stealth
 + Level 2.4 Invocations


You had 2 spell levels left.
You didn't know any spells.
Your spell library was empty.

Dungeon Overview and Level Annotations

Branches:
Dungeon (3/15)

Altars:
Dithmenos
Kikubaaqudgha
Okawaru


Innate Abilities, Weirdness & Mutations

You have hooves in place of feet.
Armour fits poorly on your strangely shaped body.
You cover ground very quickly.
You have extremely tough skin. (AC +3)


Message History

The orc wizard is heavily wounded.
The orc wizard closely misses you.
You barely miss the orc wizard. Your kick misses the orc wizard.
The orc wizard is heavily wounded.
The orc wizard hits you with a +0 dagger.
* * * LOW HITPOINT WARNING * * *
Unknown command.
You barely miss the orc wizard.
The orc wizard is heavily wounded.
The orc wizard hits you but does no damage.
The orc wizard barely misses you.
You barely miss the orc wizard.
The orc wizard is heavily wounded.
The orc wizard hits you but does no damage.
You barely miss the orc wizard.
You kick the orc wizard, but do no damage.
The orc wizard is heavily wounded.
The orc wizard points at you and mumbles some strange words.
The magic dart hits you!
You die...

###############.
.>..............
#..<...#
#.##...# # #@).#
##o.# ..# ..#
..# ..# .## .#


You could see an orc wizard.

Vanquished Creatures
  3 oozes
  A dart slug (D:1)
  A leopard gecko (D:1)
  2 orcs (D:3)
  A giant cockroach (D:2)
  5 goblins
  4 hobgoblins
  7 kobolds
  A quokka (D:2)
  2 ball pythons
  3 bats
  3 frilled lizards
  2 rats (D:1)
35 creatures vanquished.

Notes
Turn   | Place    | Note
-------+----------+-------------------------------------------
     0 | Abyss:1  | Gargoyl the Centaur Abyssal Knight began the quest for the
                  | Orb.
     0 | Abyss:1  | Reached XP level 1. HP: 19/19 MP: 2/2
   131 | Abyss:1  | Noticed a raiju
   142 | D:1      | Escaped the Abyss
   304 | D:1      | Reached * piety under Lugonu
   329 | D:1      | Reached XP level 2. HP: 20/26 MP: 3/3
  1355 | D:2      | Reached XP level 3. HP: 31/31 MP: 4/4
  1639 | D:2      | Reached skill level 1 in Dodging
  1802 | D:2      | Found an iron altar of Okawaru.
  2143 | D:2      | Found an ancient bone altar of Kikubaaqudgha.
  2145 | D:2      | Found a shadowy altar of Dithmenos.
  2361 | D:3      | Killed from afar by an orc wizard

Skill      XL: |  1  2  3 |
---------------+----------+-----
Axes           | 2 |  2.3
Dodging        | 1 |  1.2
Fighting       | |  3.5
Armour         | |  1.7
Stealth        | |  0.1
Invocations    | |  2.4

Action                   || total
-------------------------++-------
Melee: Hand axe          ||   107
       Kick              ||    19
Invok: Depart the Abyss  ||     1
  Use: Scroll            ||     1
       Potion            ||     1
  Eat: Chunk             ||     2
Armor: Leather armour    ||    12
       Skin              ||     2
       Ring mail         ||    33
Dodge: Dodged            ||    48
